Map: Terraform LE (Void)

Players

ReDBeTraYaL

  • Race: Terran Terran
  • League: Platinum

Sunset - Winner!

  • Race: Protoss Protoss
  • League: Platinum

VOD

Have the link to the VOD?

Description

Time

  • Played on: Sept. 16, 2015, 3:30 a.m.
  • Length: 12:10
Show
View Real Time Build Order
Export as new Build Order

ReDBeTraYaL Terran 

Build Orders: MMM Bio 

Get SALT Encoding   

  12  0:01  SCV  
  13  0:13  SCV  
  14  0:18  Supply Depot  
  14  0:25  SCV  
  15  0:40  SCV  
  15  0:41  Barracks  
  16  0:52  SCV  
  16  0:53  Refinery  
  17  1:04  SCV  
  18  1:28  Marine  
  18  1:29  Orbital Command  
  19  1:44  Command Center  
  20  2:00  Barracks Reactor  
  19  2:01  SCV  
  19  2:08  Bunker  
  20  2:11  Supply Depot  
  20  2:15  SCV  
  20  2:21  Barracks  
  21  2:27  Barracks  
  21  2:29  SCV  
  22  2:41  Marine  
  22  2:42  Marine  
  22  2:43  Supply Depot  
  24  2:46  SCV  
  25  2:58  SCV  
  26  2:59  Refinery  
  26  3:02  Orbital Command  
  26  3:03  Marine x2  
  28  3:10  Barracks Tech Lab  
  28  3:13  Engineering Bay  
  28  3:16  Barracks Tech Lab  
  28  3:21  Marine  
  29  3:28  SCV x2  
  29  3:30  Marine  
  29  3:31  Marine  
  33  3:40  SCV x2  
  35  3:41  Missile Turret  
  35  3:44  Missile Turret  
  35  3:50  Stimpack  
  35  3:51  Marauder  
  35  3:52  Concussive Shells  
  35  3:54  SCV  
  38  3:58  SCV  
  39  4:06  SCV  
  39  4:07  Marine  
  39  4:08  Marauder  
  42  4:10  SCV  
  42  4:16  Marine  
  42  4:17  Marauder  
  40  4:19  SCV  
  39  4:25  Marine  
  39  4:29  Marauder  
  36  4:34  SCV, Marine  
  36  4:37  Marine  
  35  4:43  Marine  
  36  4:54  SCV x2  
  36  4:55  Marine x3  
  41  5:01  Marine  
  41  5:04  Factory  
  42  5:15  Marauder x2, Marine  
  42  5:17  SCV x2  
  42  5:19  Marine  
  50  5:29  SCV x2  
  50  5:33  Marine  
  53  5:36  Marine  
  53  5:40  Supply Depot  
  54  5:43  Combat Shields, Marine  
  54  5:44  Marauder  
  54  5:48  SCV x2  
  54  5:49  Refinery  
  59  5:51  Marine  
  59  5:54  Marauder  
  62  5:59  Starport  
  62  6:01  Marine  
  63  6:11  Factory Tech Lab, Missile Turret x2  
  63  6:13  Factory Reactor  
  63  6:15  SCV x2  
  63  6:16  Refinery  
  63  6:18  Marine x3  
  65  6:19  Marine  
  65  6:25  Hi-Sec Auto Tracking  
  69  6:28  SCV  
  70  6:33  Missile Turret  
  70  6:36  Missile Turret  
  70  6:39  SCV  
  67  6:47  SCV  
  67  6:49  Starport  
  67  6:51  SCV  
  67  7:03  Missile Turret  
  67  7:08  SCV x2  
  69  7:12  Factory Reactor  
  69  7:14  Marine  
  70  7:17  Command Center  
  70  7:18  Supply Depot  
  70  7:19  Supply Depot  
  70  7:25  Marine  
  70  7:28  Marine x2  
  70  7:30  Missile Turret  
  70  7:39  Marine  
  70  7:40  SCV x2, Supply Depot x2  
  70  7:43  Supply Depot  
  77  7:47  Medivac x2  
  77  7:59  Missile Turret  
  77  8:01  Marine  
  77  8:02  Marine x3  
  77  8:03  Medivac x2  
  85  8:07  SCV  
  86  8:17  Viking  
  86  8:19  Missile Turret, Marine  
  89  8:23  Viking  
  91  8:27  SCV x2  
  91  8:33  Viking x2  
  99  8:43  Marine x3  
  99  8:44  Marine  
  99  8:47  SCV x2, Missile Turret  
  103  8:51  Missile Turret, Barracks  
  103  8:56  Missile Turret  
  103  8:58  Missile Turret  
  103  8:59  SCV, Missile Turret  
  101  9:16  Terran Infantry Weapons Level 1  
  100  9:17  Engineering Bay  
  100  9:18  Armory  
  100  9:20  Missile Turret  
  100  9:22  Missile Turret  
  91  9:29  Marine  
  91  9:30  Marauder x2  
  81  9:32  Marine  
  66  9:47  Marine  
  66  9:50  Marine  
  66  9:51  Missile Turret, Marauder x2  
  68  9:57  SCV  
  68  9:58  Barracks Reactor  
  69  10:00  SCV  
  61  10:12  Marauder  
  61  10:13  Marauder  
  65  10:14  Marine  
  65  10:17  SCV  
  67  10:28  Marine  
  67  10:32  Marine  
  67  10:34  Marauder x2  
  73  10:36  Orbital Command  
  73  10:37  Barracks  
  71  10:46  Marine  
  70  10:55  Marauder x2  
  70  10:56  Marine  
  70  10:57  Marine x2  
  75  11:00  Viking x2  
  75  11:04  Marine  
  81  11:05  Viking  
  84  11:14  Marine x3  
  84  11:17  Marauder x2  
  91  11:22  Marine  
  84  11:32  Marine  
  85  11:38  Marauder x2  
  89  11:40  Marine x2  
  89  11:42  SCV  
Show
View Real Time Build Order
Export as new Build Order

Sunset Protoss - Winner!

Build Orders: Oracle Opening, Carrier Rush 

Get SALT Encoding   

  12  0:00  Probe (Chrono Boost)  
  13  0:10  Probe (Chrono Boost)  
  14  0:17  Pylon  
  14  0:21  Probe (Chrono Boost)  
  15  0:35  Probe (Chrono Boost)  
  15  0:38  Gateway  
  16  0:45  Probe (Chrono Boost)  
  16  0:48  Assimilator  
  17  0:55  Probe (Chrono Boost)  
  18  1:06  Probe (Chrono Boost)  
  19  1:16  Probe (Chrono Boost)  
  20  1:25  Cybernetics Core  
  20  1:26  Probe (Chrono Boost)  
  21  1:36  Probe (Chrono Boost)  
  22  1:46  Probe (Chrono Boost)  
  23  1:52  Nexus  
  23  1:57  Assimilator  
  23  2:03  Pylon  
  23  2:12  Warp Gate  
  23  2:20  Adept (Chrono Boost)  
  25  2:31  Probe, Stargate  
  26  2:43  Probe  
  27  2:45  Adept (Chrono Boost)  
  29  2:55  Probe  
  30  3:02  Probe  
  31  3:07  Probe  
  31  3:08  Adept (Chrono Boost)  
  31  3:12  Probe  
  34  3:13  Oracle (Chrono Boost)  
  34  3:19  Probe  
  39  3:22  Probe  
  40  3:31  Probe  
  40  3:32  Probe  
  41  3:35  Pylon  
  42  3:43  Probe  
  42  3:44  Probe  
  44  3:52  Nexus  
  45  3:55  Probe x2  
  45  4:00  Assimilator  
  46  4:07  Probe  
  47  4:22  Probe  
  47  4:24  Probe  
  49  4:30  Fleet Beacon  
  47  4:36  Probe x2  
  45  4:46  Probe, Stargate  
  45  4:48  Mothership Core  
  45  4:51  Assimilator  
  50  4:53  Pylon  
  50  4:55  Pylon, Carrier (Chrono Boost)  
  51  5:12  Gateway  
  51  5:15  Pylon  
  51  5:17  Pylon  
  51  5:18  Graviton Catapult  
  51  5:19  Zealot  
  56  5:23  Probe  
  56  5:24  Probe, Carrier (Chrono Boost)  
  56  5:25  Probe  
  59  5:30  Assimilator  
  59  5:33  Probe  
  59  5:37  Probe  
  61  5:45  Probe  
  61  5:46  Probe  
  70  5:50  Probe  
  70  5:51  Carrier (Chrono Boost)  
  70  5:53  Zealot  
  72  5:58  Probe  
  73  6:11  Probe  
  74  6:14  Zealot  
  74  6:18  Probe  
  82  6:19  Probe  
  82  6:23  Probe, Gateway  
  82  6:25  Gateway  
  85  6:29  Pylon, Carrier (Chrono Boost)  
  85  6:31  Probe  
  86  6:33  Pylon  
  86  6:35  Probe, Pylon  
  87  6:47  Probe  
  87  6:48  Carrier (Chrono Boost)  
  87  6:51  Zealot  
  87  6:52  Zealot  
  98  6:59  Probe  
  95  7:12  Zealot x2  
  95  7:15  Probe, Carrier (Chrono Boost)  
  99  7:16  Probe  
  99  7:17  Probe  
  98  7:32  Twilight Council  
  98  7:42  Probe (Chrono Boost)  
  98  7:43  Pylon  
  105  7:48  Carrier  
  105  7:51  Sentry x2  
  105  7:53  Probe (Chrono Boost)  
  105  7:56  Sentry x2  
  114  8:04  Probe (Chrono Boost)  
  121  8:14  Probe (Chrono Boost)  
  121  8:16  Charge  
  122  8:28  Templar Archives  
  122  8:31  Probe (Chrono Boost), Assimilator  
  123  8:35  Pylon  
  123  8:41  Probe (Chrono Boost), Protoss Air Weapons Level 1  
  124  8:42  Zealot x4  
  132  8:50  Probe (Chrono Boost)  
  132  8:53  Probe x2 (Chrono Boost), Gateway  
  135  8:59  Pylon  
  135  9:03  Probe (Chrono Boost)  
  136  9:14  Zealot x2  
  140  9:18  Pylon x2  
  140  9:27  Zealot x2  
  140  9:40  Zealot  
  140  9:44  Probe x2 (Chrono Boost)  
  139  9:46  Probe (Chrono Boost)  
  135  9:56  High Templar x4  
  135  9:58  Archon  
  135  9:59  Archon  
  131  10:18  Gateway  
  131  10:19  Gateway  
  131  10:28  High Templar  
  131  10:29  High Templar x3  
  131  10:30  Zealot  
  131  10:31  Archon x2  
  141  11:05  Stalker x2  
  141  11:06  Stalker x3  
  151  11:15  Nexus  
  145  11:41  Forge, High Templar x2  
  149  11:50  Zealot x3  
  149  11:53  Probe  
  155  11:56  Nexus  
  155  12:00  Pylon  
Tags
 
Add a new tag
Caveats
  • Supply blocks, unpowered buildings, or Contaminate may cause inaccurate times.
  • Supply counts are checked every 10 seconds.